 Dungeon Crawl Stone Soup version 0.28.0-53-g5a82cb258f (webtiles) character file.

Game seed: 8807505318133093039

55 corgi the Poker (level 3, 31/31 HPs)
             Began as a Draconian Cinder Acolyte on May 17, 2022.
             Was a High Priest of Ignis.
             Quit the game on level 2 of the Dungeon on Oct 1, 2022.
             The game lasted 00:07:14 (1210 turns).

corgi the Poker (Draconian Cinder Acolyte)          Turns: 1210, Time: 00:07:15

Health: 31/31      AC:  5    Str: 16    XL:     3   Next: 67%
Magic:  4/4        EV: 11    Int: 14    God:    Ignis [*****.]
Gold:   45         SH:  5    Dex:  8    Spells: 4/4 levels left

rFire   + . .      SeeInvis .   a - -1 spear (flame)
rCold   . . .      Faith    .   (no shield)
rNeg    . . .      Spirit   .   (armour unavailable)
rPois   .          Reflect  +   (helmet restricted)
rElec   .          Harm     .   (no cloak)
rCorr   .          Rampage  .   (no gloves)
Will    .....                   (no boots)
Stlth   +.........              e - amulet of reflection
HPRegen 0.10/turn               (no ring)
MPRegen 0.09/turn               (no ring)

@: no status effects
A: AC +5, unfitting armour, cold-blooded
a: Renounce Religion, Fiery Armour, Foxfire Swarm


You were on level 2 of the Dungeon.
You worshipped Ignis.
Ignis was extremely pleased with you.
You visited 1 branch of the dungeon, and saw 2 of its levels.

You collected 45 gold pieces.

Inventory:

Hand Weapons
 a - a -1 spear of flaming (weapon)
Jewellery
 e - an amulet of reflection (around neck)
Scrolls
 f - a scroll of fear {unknown}
 i - a scroll of teleportation {unknown}
Potions
 b - a potion of ambrosia
 c - 2 potions of heal wounds {unknown}
 d - 2 potions of degeneration {unknown}
 g - 2 potions of might {unknown}
 h - a potion of lignification {unknown}


   Skills:
 + Level 3.6 Fighting
 * Level 4.0 Polearms
 + Level 0.6 Dodging
 + Level 0.3 Stealth
 + Level 1.1 Spellcasting
 - Level 3.2 Fire Magic


You had 4 spell levels left.
You didn't know any spells.
Your spell library contained the following spells:

 Spells                   Type           Power      Damage    Failure   Level
 Scorch                   Fire           18%        2d6       11%         2
 Animate Skeleton         Necr           0%         N/A       26%         1
 Pain                     Necr           0%         1d4       26%         1
 Vampiric Draining        Necr           0%         2d6       61%         3


Dungeon Overview and Level Annotations

Branches:
Dungeon (2/15)

Altars:
Vehumet

Shops:
D:2 =


Innate Abilities, Weirdness & Mutations

Your plain brown scales are hard. (AC +5)
You cannot fit into any form of body armour.
You are cold-blooded and may be slowed by cold attacks.


Message History

Found a book of Necromancy.
You reach to attack!
You hit the ball python but do no damage.
You hit the ball python but do no damage.
You block the ball python's attack. x2
You hit the ball python but do no damage.
You block the ball python's attack. x2
You hit the ball python. You burn the ball python.
You kill the ball python!
No target in view!
No target in view!
You pick up a book of Necromancy and begin reading...
You add the spells Pain, Animate Skeleton and Vampiric Draining to your library.
h - a viscous yellow potion You see here 19 stones.
There is a stone staircase leading up here.
Things that are here:
a +0 dagger; a jackal corpse A kobold is nearby!
A kobold is nearby!
You reach to attack!
You barely miss the kobold. You hit the kobold. You burn the kobold.
The kobold is severely wounded.
You block the kobold's attack.
You hit the kobold. You burn the kobold.
You kill the kobold!
No target in view!
i - a scroll labelled DYOLUW JUEMYN You see here a +0 dagger.
You see here 21 arrows.
An endoplasm comes into view.
The endoplasm quivers.
Unknown command.
Are you sure you want to abandon this character and quit the game? (Confirm with "yes".)
Okay, then.
Saving game... please wait.
Welcome back, corgi the Draconian Cinder Acolyte.
The flames of Ignis gently warm you.
Press ? for a list of commands and other information.
Are you sure you want to abandon this character and quit the game? (Confirm with "yes".)

#.#.._....###..##
#..[.....## #..#
#.>......# #.#
###.....#.# #....##)#.#
##....##.#.#####
#.....##.#......
##..(.......#
#..@..###.#.# ###
#......## #.#.# #...
#......####...# ##..#
#..###...##...###...###
...# #....#.).<..(......
######...)#†#.<##.######
......8J8†8.###.#
<####.†⌠.⌠.####.######
......8.∩.8...........


You could see an endoplasm.

Vanquished Creatures
  4 bats
  4 endoplasms
  5 giant cockroaches
  A goblin (D:2)
  6 hobgoblins
  5 jackals
  4 kobolds
  3 quokkas (D:1)
  7 ball pythons
  4 frilled lizards (D:1)
  4 rats (D:1)
47 creatures vanquished.

Notes
Turn   | Place    | Note
-------+----------+-------------------------------------------
     0 | D:1      | corgi the Draconian Cinder Acolyte began the quest for the
                  | Orb.
     0 | D:1      | Reached XP level 1. HP: 19/19 MP: 2/2
   104 | D:1      | Reached XP level 2. HP: 26/26 MP: 3/3
   237 | D:1      | You fall into a shaft and drop 1 floor!
   241 | D:2      | Found a radiant altar of Vehumet.
   306 | D:1      | Found a faded altar of an unknown god.
   694 | D:1      | Reached XP level 3. HP: 29/31 MP: 4/4
  1056 | D:2      | Found Fiewk's Jewellery Shop.
  1126 | D:2      | Reached skill level 4 in Polearms
  1210 | D:2      | Upgraded the game from 0.28.0-49-g6dfe1f597d to
                  | 0.28.0-53-g5a82cb258f
  1210 | D:2      | Quit the game

Illustrated notes

Levels and vault maps discovered:
D:1:      heliophobic_arrival_henge, layout_loops_ring,
          hellmonk_ecumenical_altar_slurped_away, grunt_decor_fettered
D:2:      layout_rooms, serial_shops,
          nicolae_shop_temple_entry_statues_fountains, basic_altar,
          minmay_nonomino_d4

Skill      XL: |  1  2  3 |
---------------+----------+-----
Polearms       | 4 |  4.0
Fighting       | |  3.6
Dodging        | |  0.6
Stealth        | |  0.3
Spellcasting   | |  1.1
Fire Magic     | |  3.2

Action                   || total
-------------------------++-------
Melee: Spear             ||   148
       Tailslap          ||     9
Invok: Rising Flame      ||     1
  Use: Potion            ||     1
 Stab: Sleeping          ||     2
Armor: Skin              ||    28
Dodge: Dodged            ||    50
Block: Other             ||    16
       Reflection        ||     1
